 Dungeon Crawl Stone Soup version 0.28.0-53-g5a82cb258f (webtiles) character file.

Game seed: 13781428794895130267

129043 cbfl8 the Warrior (level 16, -14/157 (160) HPs)
             Began as a Minotaur Berserker on July 15, 2022.
             Was a High Priest of Trog.
             Demolished by a naga
             ... wielding a +0 trident
              (26 damage)
             ... on level 1 of the Snake Pit.
             The game lasted 01:06:09 (45175 turns).

cbfl8 the Warrior (Minotaur Berserker)             Turns: 45175, Time: 01:06:20

HP:   -14/157 (160) AC: 30    Str: 24    XL:     16   Next: 49%
MP:   15/15         EV:  7    Int:  4    God:    Trog [*****.]
Gold: 2493          SH:  0    Dex: 16    Spells: 15/15 levels left

rFire   + + +      SeeInvis .   R - +7 great mace "Firestarter" {inner flame, rF++}
rCold   . . .      Faith    +   (shield currently unavailable)
rNeg    . . .      Spirit   .   D - +0 crystal plate armour {rC+}
rPois   +          Reflect  .   T - +2 hat
rElec   .          Harm     .   s - +1 cloak {rCorr}
rCorr   +          Rampage  .   (no gloves)
Will    +++..                   K - +1 pair of boots
Stlth   ..........              F - amulet of faith
HPRegen 1.36/turn               P - ring of fire
MPRegen 0.14/turn               f - ring of poison resistance

@: lethally poisoned (-14 -> -15), about to teleport, strong-willed, on berserk
cooldown, regenerating, slowed, constricted, studying Slings, lightly drained,
very slow
A: horns 2, retaliatory headbutt
a: Renounce Religion, Berserk, Trog's Hand, Brothers in Arms


You were on level 1 of the Snake Pit.
You worshipped Trog.
Trog was extremely pleased with you.
You visited 4 branches of the dungeon, and saw 24 of its levels.
You visited the Abyss 1 time.
You also visited: Ice Cave.

You collected 2703 gold pieces.
You spent 210 gold pieces at shops.

Inventory:

Hand Weapons
 z - the +7 scimitar of Tender Mercy {flame, rC++ Will+ Int-5 Dex+2}
   (You took it off a deep elf zephyrmancer on level 1 of the Orcish Mines)

   It burns those it strikes, dealing additional fire damage.
   Big, fiery blades are also staple armaments of hydra-hunters.
   Int:       It affects your intelligence (-5).
   Dex:       It affects your dexterity (+2).
   rC:        It greatly protects you from cold.
   Will:      It increases your willpower.
 R - the +7 great mace "Firestarter" (weapon) {inner flame, rF++}
   (You took it off a deep elf pyromancer on level 10 of the Dungeon)

   It burns those it strikes, dealing additional fire damage.
   It fills those it strikes with an explosive inner flame.
   It grants immunity to clouds of flame.
   rF:        It greatly protects you from fire.
 S - a +1 battleaxe of freezing
 Y - a +6 antimagic executioner's axe
Missiles
 l - 6 throwing nets (quivered)
Armour
 r - a scarf of repulsion
 s - a +1 cloak of preservation (worn)
 D - a +0 crystal plate armour of cold resistance (worn)
 K - a +1 pair of boots (worn)
 T - a +2 hat (worn)
 X - a +2 buckler
Jewellery
 f - a ring of poison resistance (right hand)
 m - a ring of positive energy
 p - a +4 ring of slaying
 t - a ring of magical power
 y - a ring of see invisible
 F - an amulet of faith (around neck)
 M - a ring of flight
 O - a +4 ring of protection
 P - a ring of fire (left hand)
Wands
 b - a wand of mindburst (40)
 k - a wand of digging (10)
 w - a wand of flame (1)
 x - a wand of acid (17)
 H - a wand of charming (12)
 L - a wand of polymorph (11)
 U - a wand of iceblast (16)
Scrolls
 a - 2 scrolls of silence
 e - 2 scrolls of enchant weapon
 g - 9 scrolls of teleportation
 i - 3 scrolls of fog
 j - a scroll of enchant armour
 o - a scroll of brand weapon
 u - 3 scrolls of magic mapping
 C - 3 scrolls of fear
 I - 3 scrolls of noise
 N - a scroll of holy word
Potions
 c - 2 potions of resistance
 d - 5 potions of haste
 h - 3 potions of magic
 n - 7 potions of might
 v - 5 potions of ambrosia
 A - 2 potions of cancellation
 J - 3 potions of invisibility {unknown}
 Q - 2 potions of lignification
 Z - 4 potions of mutation
Miscellaneous
 q - a phial of floods
 B - a phial of floods
 E - a phantom mirror
 V - a phial of floods
 W - a phantom mirror


   Skills:
 * Level 19.3 Fighting
 - Level 10.0(13.5) Axes
 + Level 14.6(15.8) Maces & Flails
 + Level 13.8 Armour
 * Level 12.2 Dodging
 * Level 9.9 Stealth
 * Level 9.6 Evocations


You had 15 spell levels left.
You didn't know any spells.
Your spell library was empty.

Dungeon Overview and Level Annotations

Branches:
Dungeon (15/15)            Temple (0/1) D:5            Lair (6/6) D:8
  Swamp (0/4) Lair:3        Snake (1/4) Lair:3        Slime (0/5) Lair:6
    Orc (2/2) D:10            Elf (0/3) Orc:2        Vaults (0/5) D:14
 Depths (0/4) D:15          IceCv (visited)

Altars:
Dithmenos
Fedhas
Okawaru
Xom
Beogh
Jiyva

Shops:
D:10 =   D:15 =   Orc:2 [([((

Portals:
Trove: D:11 (give 4 potions of resistance)


Innate Abilities, Weirdness & Mutations

You have a pair of horns on your head.
You reflexively headbutt those who attack you in melee.


Message History

The naga warrior hits you with a +0 flail!!
The naga warrior hits you but does no damage.
The naga warrior constricts you.
The guardian serpent hits you but does no damage.
The naga mage hits you but does no damage.
The naga warrior hits you with a +0 flail!!!
The naga hits you from afar with a +0 trident!!
* * * LOW HITPOINT WARNING * * *
The naga warrior loses its grip on you.
You are too injured to fight recklessly!
Okay, then.
Okay, then.
Your ogre goes berserk!
You feel sick. The guardian serpent hits you!
* * * LOW HITPOINT WARNING * * *
The naga mage spits poison at you. The splash of poison hits you. You resist.
* * * LOW HITPOINT WARNING * * *
The guardian serpent hits you but does no damage.
The naga warrior hits you but does no damage.
The naga warrior completely misses you. The naga mage closely misses you.
The naga misses you. The salamander closely misses you.
The naga warrior completely misses you. The naga warrior grabs you.
The naga warrior constricts you.
* * * LOW HITPOINT WARNING * * *
The guardian serpent barely misses you.
As you read the scroll of teleportation, it crumbles to dust.
You feel strangely unstable.
You feel sick.
The naga warrior no longer looks unusually strong.
The naga warrior's inner flame fades away.
The naga mage hits you but does no damage.
The naga warrior spits poison at you. The splash of poison hits you.
You are more poisoned.
You resist.
* * * LOW HITPOINT WARNING * * *
Your ogre barely misses the naga mage.
The guardian serpent hits you.
* * * LOW HITPOINT WARNING * * *
The naga hits you from afar with a +0 trident!!
You die...

........#######################>.
........####### #...
...............############ #...
........................... .....
......................... ......
##....................# ......
.............# .....NNN.....###
......N@.........
.....NS...............
.....#O.............. ....
#######........# ... ##........
.. .........##### .
.............. ..............
#............


You could see 2 naga warriors, a salamander (strong), a guardian serpent, a naga
mage (fast, catching breath, ally target), a naga (strong) and a friendly ogre
(summoned, berserk).

Vanquished Creatures
  Jorgrun (D:12)
  Rupert (D:15)
  Agnes (D:15)
  A frost giant (IceCv)
  2 orc warlords (Orc:1)
  Nessos (D:15)
  Snorg (Orc:2)
  Josephine (Orc:2)
  A fire dragon (Lair:6)
  4 vault guards (D:14)
  7 hydras
  4 boulder beetles
  4 centaur warriors
  Erolcha (Orc:2)
  3 anacondas (Snake:1)
  Erica (Lair:2)
  9 two-headed ogres
  16 death yaks
  2 tengu warriors (D:15)
  3 orc high priests (Orc:2)
  Urug (D:10)
  Sonja (D:10)
  A naga sharpshooter (Snake:1)
  3 deep elf knights
  Nergalle (D:10)
  A naga ritualist (Snake:1)
  2 lindwurms
  A necromancer (D:15)
  3 orc knights
  Pikel (D:6)
  3 deep elf pyromancers
  6 orc sorcerers
  2 deep elf zephyrmancers
  2 manticores
  2 mana vipers (Snake:1)
  A wolf spider zombie (D:15)
  A cyclops (D:15)
  7 ugly things
  4 slime creatures
  21 elephants
  13 black mambas
  Maurice (D:10)
  An ice statue (IceCv)
  2 naga magi
  Joseph (D:9)
  2 smoke demons (D:10)
  3 gargoyles
  14 cane toads
  2 molten gargoyles (Lair:6)
  A centaur skeleton (D:15)
  4 komodo dragons
  An efreet (D:15)
  A kobold demonologist (D:12)
  2 tengu conjurers
  10 rime drakes
  10 polar bears
  A queen bee (Lair:5)
  8 meliai
  7 trolls
  32 blink frogs
  A harpy zombie (D:15)
  A hornet (D:11)
  13 dream sheep
  A centaur simulacrum (D:15)
  A culicivora (shapeshifter) (D:13)
  64 yaks
  A shadow (D:9)
  9 wyverns
  A vampire (D:12)
  A human (D:14)
  6 wraiths
  A fire bat (D:10)
  11 basilisks
  3 fire elementals
  5 steam dragons
  10 vampire mosquitoes
  2 wargs (Orc:1)
  7 nagas
  An acid dragon (D:9)
  14 water moccasins
  4 hell hounds (Lair:6)
  34 orc warriors
  2 ice beasts (D:6)
  A sky beast (D:5)
  2 small abominations (Abyss:1)
  A hornet zombie (D:15)
  3 boggarts (D:14)
  11 ogres
  15 centaurs
  20 wolves
  A lemure (D:6)
  2 kobold brigands
  15 bullfrogs
  2 gnoll sergeants
  A scorpion (D:6)
  A water moccasin zombie (D:7)
  A wyvern skeleton (D:5)
  14 killer bees
  4 wights (D:8)
  2 vampire bats (D:5)
  An electric eel (Lair:4)
  2 howler monkeys (D:10)
  A bullfrog zombie (D:7)
  5 lava snakes (Lair:6)
  3 centaur zombies
  3 hounds
  4 jellies
  Crazy Yiuf (D:3)
  2 gnoll shamans
  25 orc priests
  5 bullfrog skeletons
  7 iguanas
  Jessica (D:2)
  25 orc wizards
  2 killer bee zombies
  A hound skeleton (D:4)
  5 howler monkey zombies
  17 gnolls
  A howler monkey skeleton (D:7)
  5 adders
  2 white imps
  An ufetubus (D:6)
  A worm (D:2)
  The ghost of JacoesBerries the Sneak, a weakling DEDe (D:4)
  75 orcs
  5 endoplasms
  4 giant cockroaches
  5 goblins
  3 hobgoblins
  9 jackals
  12 kobolds
  2 quokkas
  9 ball pythons
  14 bats
  A frilled lizard (D:3)
  6 rats
799 creatures vanquished.

Vanquished Creatures (collateral kills)
  A deep elf pyromancer (D:10)
  A meliai (Lair:5)
  3 killer bees (Lair:5)
  A howler monkey (D:10)
6 creatures vanquished.

Vanquished Creatures (others)
  An orc warrior (Orc:2)
  An orc (Orc:2)
  A bush (Lair:6)
  41 fungi
  45 plants
89 creatures vanquished.

Grand Total: 894 creatures vanquished

Notes
Turn   | Place    | Note
-------+----------+-------------------------------------------
     0 | D:1      | cbfl8 the Minotaur Berserker began the quest for the Orb.
     0 | D:1      | Reached XP level 1. HP: 19/19 MP: 0/0
   152 | D:1      | Reached XP level 2. HP: 23/27 MP: 1/1
   344 | D:1      | Reached skill level 4 in Fighting
   647 | D:1      | Found a faded altar of an unknown god.
   770 | D:2      | Reached ** piety under Trog
   813 | D:2      | Reached XP level 3. HP: 33/33 MP: 2/2
  1185 | D:2      | Reached XP level 4. HP: 35/41 MP: 3/3
  1293 | D:2      | Noticed Jessica
  1294 | D:2      | Killed Jessica
  1999 | D:3      | Found a runed translucent door.
  2000 | D:3      | Noticed Crazy Yiuf
  2430 | D:3      | Killed Crazy Yiuf
  2431 | D:3      | Reached skill level 5 in Axes
  2431 | D:3      | Reached XP level 5. HP: 47/47 MP: 0/4
  3315 | D:4      | Reached *** piety under Trog
  3316 | D:4      | Reached skill level 5 in Fighting
  3335 | D:4      | Found a runed translucent gate.
  3335 | D:4      | Found a runed translucent gate.
  3335 | D:4      | Found a runed translucent gate.
  3505 | D:4      | Noticed JacoesBerries's ghost (weakling DEDe)
  3715 | D:4      | Reached XP level 6. HP: 56/56 MP: 5/5
  4244 | D:4      | Reached skill level 1 in Stealth
  4245 | D:4      | Killed JacoesBerries's ghost
  4302 | D:5      | Entered Level 5 of the Dungeon
  4521 | D:5      | Reached XP level 7. HP: 62/62 MP: 6/6
  4545 | D:5      | Reached skill level 5 in Armour
  4619 | D:5      | Reached skill level 6 in Fighting
  5196 | D:5      | Reached XP level 8. HP: 66/71 MP: 7/7
  5461 | D:5      | Found a staircase to the Ecumenical Temple.
  5683 | D:6      | Found a blossoming altar of Fedhas.
  5925 | D:6      | Reached skill level 7 in Fighting
  6025 | D:6      | Reached skill level 1 in Evocations
  6510 | D:6      | Reached XP level 9. HP: 71/79 MP: 8/8
  6683 | D:6      | Noticed Pikel
  6691 | D:6      | Killed Pikel
  6693 | D:6      | Reached skill level 8 in Fighting
  7020 | D:7      | Noticed a troll
  7029 | D:7      | Reached skill level 10 in Axes
  7781 | D:7      | Noticed a two-headed ogre
  8028 | D:6      | Killed a troll
  8030 | D:6      | Reached skill level 5 in Dodging
  8398 | D:6      | Killed a two-headed ogre
  8399 | D:6      | Reached skill level 9 in Fighting
  8399 | D:6      | Reached XP level 10. HP: 76/91 MP: 9/9
  8954 | D:7      | Identified the +0 leather armour of Gallantry {rElec rC+++
                  | Will- Stlth+}
  9165 | D:7      | Reached **** piety under Trog
  9412 | D:8      | Noticed a death yak
  9414 | D:8      | Noticed a death yak
  9436 | D:7      | Killed a death yak
  9918 | D:8      | Found a shadowy altar of Dithmenos.
  9926 | D:8      | Found a shimmering altar of Xom.
  9928 | D:8      | Found an iron altar of Okawaru.
 10262 | D:8      | Found a staircase to the Lair.
 10276 | D:8      | Noticed a death yak
 10293 | D:9      | Noticed a two-headed ogre
 10302 | D:9      | Killed a death yak
 10303 | D:9      | Reached skill level 10 in Fighting
 10304 | D:9      | Killed a two-headed ogre
 10779 | D:9      | Killed a death yak
 10780 | D:9      | Reached skill level 10 in Armour
 10977 | D:8      | Reached skill level 11 in Fighting
 11199 | D:9      | Reached XP level 11. HP: 73/102 MP: 10/10
 11426 | D:9      | Noticed Joseph
 11441 | D:9      | Killed Joseph
 12016 | D:9      | Noticed a two-headed ogre
 12029 | D:9      | Killed a two-headed ogre
 12030 | D:9      | Reached skill level 5 in Stealth
 12288 | D:9      | Noticed a two-headed ogre
 12296 | D:9      | Killed a two-headed ogre
 12561 | D:9      | Reached skill level 12 in Fighting
 12594 | D:9      | Reached skill level 5 in Evocations
 13006 | D:9      | Noticed a two-headed ogre
 13012 | D:9      | Killed a two-headed ogre
 13770 | D:10     | Entered Level 10 of the Dungeon
 13857 | D:10     | Reached skill level 13 in Fighting
 14138 | D:10     | Noticed Sonja
 14495 | D:10     | Found Liyfotru's Jewellery Shop.
 14503 | D:10     | Bought a ring of flight for 210 gold pieces
 14588 | D:10     | Noticed Nergalle
 14599 | D:10     | Noticed Urug
 14606 | D:10     | Killed Nergalle
 14618 | D:10     | Killed Urug
 15433 | D:10     | Reached skill level 14 in Fighting
 15567 | D:10     | Noticed a deep elf pyromancer
 15578 | D:10     | Killed a deep elf pyromancer
 15614 | D:10     | Reached XP level 12. HP: 112/117 MP: 11/11
 15823 | D:10     | Killed Sonja
 16110 | D:10     | Found a staircase to the Orcish Mines.
 16214 | D:10     | Noticed Maurice
 16217 | D:10     | Noticed a two-headed ogre
 16223 | D:10     | Killed a two-headed ogre
 16257 | D:10     | Killed Maurice
 16258 | D:10     | Reached skill level 1 in Maces & Flails
 16861 | D:10     | Noticed a two-headed ogre
 16867 | D:10     | Killed a two-headed ogre
 16868 | D:10     | Reached skill level 15 in Fighting
 17194 | D:11     | Noticed a two-headed ogre
 17201 | D:11     | Killed a two-headed ogre
 18172 | D:11     | Found a portal to a secret trove of treasure.
 18311 | D:11     | Paralysed by a hornet for 3 turns
 18674 | D:12     | Noticed a four-headed hydra
 18674 | D:12     | Noticed a boulder beetle
 18681 | D:12     | Killed a four-headed hydra
 18683 | D:12     | Killed a boulder beetle
 18722 | D:12     | Found a frozen archway.
 18731 | D:12     | Noticed Jorgrun
 18743 | D:12     | Killed Jorgrun
 18744 | D:12     | Reached skill level 5 in Maces & Flails
 18749 | IceCv    | Entered an ice cave
 18912 | IceCv    | Reached skill level 16 in Fighting
 19254 | IceCv    | Noticed a death yak
 19256 | IceCv    | Noticed a death yak
 19260 | IceCv    | Killed a death yak
 19261 | IceCv    | Reached XP level 13. HP: 128/128 MP: 12/12
 19428 | IceCv    | Noticed a frost giant
 19449 | IceCv    | Killed a frost giant
 22157 | D:13     | Reached ***** piety under Trog
 22738 | D:13     | Received a gift from Trog
 24354 | D:14     | Reached skill level 17 in Fighting
 25600 | D:14     | Reached XP level 14. HP: 86/140 MP: 13/13
 26000 | D:14     | Reached skill level 10 in Maces & Flails
 26028 | D:14     | Found a gate to the Vaults.
 26039 | D:14     | Reached skill level 10 in Dodging
 26198 | D:15     | Entered Level 15 of the Dungeon
 26203 | D:15     | Noticed Rupert
 26458 | D:15     | Killed Rupert
 26593 | D:15     | Found a shimmering altar of Xom.
 26615 | D:15     | Found a shimmering altar of Xom.
 26616 | D:15     | Found a shimmering altar of Xom.
 26617 | D:15     | Found a shimmering altar of Xom.
 26619 | D:15     | Found a shimmering altar of Xom.
 26652 | D:15     | Found a shimmering altar of Xom.
 26664 | D:15     | Noticed Agnes
 26675 | D:15     | Killed Agnes
 27303 | D:15     | Found Ycyqizism's Jewellery Boutique.
 27316 | D:15     | Noticed Nessos
 27327 | D:15     | HP: 7/140 [Nessos/arrow (1)]
 27984 | Lair:1   | Entered Level 1 of the Lair of Beasts
 29708 | Lair:2   | Noticed Erica
 29715 | Lair:2   | Killed Erica
 30629 | Lair:3   | Found a staircase to the Snake Pit.
 31362 | Lair:3   | Found a staircase to the Swamp.
 31923 | Lair:4   | Reached XP level 15. HP: 142/149 MP: 14/14
 32114 | Lair:4   | Received a gift from Trog
 32287 | Lair:4   | Reached skill level 18 in Fighting
 34600 | Lair:6   | Entered Level 6 of the Lair of Beasts
 35073 | Lair:6   | Received a gift from Trog
 36454 | Lair:6   | Found a viscous altar of Jiyva.
 36454 | Lair:6   | Found a staircase to the Slime Pits.
 37030 | Lair:6   | Reached ****** piety under Trog
 37171 | Lair:6   | Found a large runed translucent door.
 37190 | Lair:6   | Found a large runed translucent door.
 38545 | D:15     | Killed Nessos
 39134 | D:15     | Received a gift from Trog
 39388 | D:15     | Found a staircase to the Depths.
 39398 | D:15     | Reached XP level 16. HP: 156/159 MP: 15/15
 39731 | Orc:1    | Entered Level 1 of the Orcish Mines
 40164 | Orc:2    | Entered Level 2 of the Orcish Mines
 40186 | Orc:2    | Noticed Josephine
 40197 | Orc:2    | Killed Josephine
 40204 | Orc:2    | Paralysed by an orc sorcerer for 2 turns
 40206 | Orc:2    | Noticed Snorg
 40206 | Orc:2    | Identified the +7 scimitar of Tender Mercy {flame, rC++
                  | Will+ Int-5 Dex+2}
 40209 | Orc:2    | Noticed Erolcha
 40216 | Orc:2    | Killed Snorg
 41437 | Orc:2    | Cast into level 1 of the Abyss (Erolcha)
 41483 | Orc:2    | Escaped the Abyss
 41485 | Orc:2    | Killed Erolcha
 41485 | Orc:2    | Received a gift from Trog
 41696 | Orc:1    | Reached skill level 19 in Fighting
 42600 | Orc:2    | Received a gift from Trog
 42766 | Orc:2    | Found Ephor's Antique Weapon Shoppe.
 42841 | Orc:2    | Found Jier's Antique Weapon Emporium.
 42881 | Orc:2    | Found Kaciamy's Armour Emporium.
 43013 | Orc:2    | Found Tuamnoiz's Antique Armour Boutique.
 43065 | Orc:2    | Found Goaval's Antique Weapon Shop.
 43108 | Orc:2    | Found a staircase to the Elven Halls.
 43818 | Snake:1  | Entered Level 1 of the Snake Pit
 45175 | Snake:1  | Demolished by a naga

Illustrated notes

Levels and vault maps discovered:
D:1:      minmay_arrival_stone_box, layout_basic,
          shapermc_ecumenical_altar_petra
D:2:      layout_basic, uniq_jessica
D:3:      layout_basic, uniq_crazy_yiuf_cottage
D:4:      layout_layer_cave, gammafunk_ghost_necromancy,
          minmay_misc_feat_columns
D:5:      layout_layer_cave, lemuel_temple_firewalk_b, serial_glass,
          glass_columns_a, glass_columns_b, glass_columns_a, roderic_batcave,
          nrook_campfire
D:6:      layout_rooms, fedhas_altar_2, grunt_ministairs_6,
          kennysheep_minor_cross, uniq_pikel
D:7:      cheibrodos_fzero, layout_cave_pools, serial_glass, glass_columns_a,
          glass_columns_b, glass_columns_a, glass_columns_a, glass_columns_a,
          glass_columns_a, glass_columns_b, glass_columns_a, grunt_ogre_cave,
          minmay_crystal_room
D:8:      layout_rooms, minitemple, dpeg_lair_monsters
D:9:      minmay_general_purpose_star, layout_loops_ring,
          nicolae_elevator_lobby_asterisk, uniq_joseph
D:10:     minmay_firetagon, layout_irregular_city, orc_david_3, serial_shops,
          shop, uniq_maurice, uniq_urug, uniq_sonja, uniq_nergalle
D:11:     layout_basic, enter_trove_6, minmay_fountain_box
D:12:     layout_basic, portal_ice_cave_entry_pillars_2, uniq_jorgrun
D:13:     layout_loops_corners
D:14:     layout_roguey, grunt_vaults_entry_fortified
D:15:     grunt_enter_depths_magical_seal, layout_long_grid, xom_redecorated,
          serial_shops, nicolae_shop_behind_doors, uniq_agnes, uniq_nessos,
          uniq_rupert
Lair:1:   layout_cave_pods, chequers_serial_rivers_small_a
Lair:2:   layout_cellular_growth, uniq_erica
Lair:3:   layout_regular_city, minmay_swamp_entry_swarm,
          minmay_snake_entry_guardpost_small
Lair:4:   layout_cave_pods, grunt_forest_small_clearings, minivault_11,
          serial_bayou_shore_b, infiniplex_staircase_pool_2,
          serial_bayou_shore_a
Lair:5:   layout_cave_pods, special_room [special_room_bee]
Lair:6:   cheibrodos_lair_end_hotspot, layout_hall_layers, slime_altar_1,
          chequers_serial_rivers_micro_c
Snake:1:  layout_onion
Orc:1:    layout_caves
Orc:2:    grunt_orc_community_town_hall, layout_caves,
          grunt_orc_community_big_house_1, grunt_orc_community_big_house_2,
          grunt_orc_community_house_1, grunt_orc_community_house_1,
          grunt_orc_community_house_2, grunt_orc_community_house_2,
          serial_shops, shop, elf_legates, uniq_erolcha, uniq_josephine,
          uniq_snorg

Skill      XL: |  1  2  3  4  5  6  7  8  9 10 11 12 13 14 15 16 |
---------------+-------------------------------------------------+-----
Axes           | 4 5 6 8 9 10 | 10.0
Fighting       | 4 5 6 7 9 11 14 16 17 18 19 | 19.3
Armour         | 3 4 6 7 8 10 12 13 | 13.8
Dodging        | 3 4 5 6 7 8 9 10 11 12 | 12.2
Stealth        | 1 2 3 4 5 6 7 8 9 |  9.9
Evocations     | 1 3 4 5 6 7 8 9 |  9.6
Maces & Flails | 6 9 12 13 14 | 14.6

Action                   |  1- 3 |  4- 6 |  7- 9 | 10-12 | 13-15 | 16-18 || total
-------------------------+-------+-------+-------+-------+-------+-------++-------
Melee: Hand axe          |   103 |    98 |   152 |    11 |       |       ||   364
       Headbutt          |     6 |    13 |    30 |    75 |   154 |    44 ||   322
       Punch             |     1 |     2 |     1 |     3 |       |       ||     7
       War axe           |       |       |       |   247 |       |       ||   247
       Great mace        |       |       |       |   100 |   638 |   248 ||   986
Throw: Throwing net      |       |       |       |       |     1 |       ||     1
Invok: Berserk           |       |     3 |     6 |    16 |    11 |     5 ||    41
       Trog's Hand       |       |     2 |     2 |     7 |     5 |     1 ||    17
       Brothers in Arms  |       |       |       |     3 |     1 |     2 ||     6
Evoke: Wand              |       |       |     1 |     1 |       |       ||     2
  Use: Scroll            |       |       |       |    16 |    12 |     3 ||    31
       Potion            |       |       |       |     8 |     8 |     1 ||    17
Armor: Ring mail         |    35 |       |       |       |       |       ||    35
       Plate armour      |    12 |    76 |   147 |   262 |     1 |       ||   498
       Skin              |       |       |       |    13 |       |       ||    13
       Crystal plate arm |       |       |       |       |   746 |   281 ||  1027
Dodge: Dodged            |    64 |    42 |    85 |   206 |   369 |   202 ||   968
